 Dungeon Crawl Stone Soup version 0.23.0 (webtiles) character file.

Game seed: 6497400997126953601

18 Gargoyl the Skirmisher (level 2, 0/26 HPs)
             Began as a Centaur Abyssal Knight on Feb 18, 2019.
             Was a Follower of Lugonu.
             Slain by a centaur (5 damage)
             ... on level 2 of the Dungeon.
             The game lasted 00:01:59 (1197 turns).

Gargoyl the Skirmisher (Centaur Abyssal Knight)     Turns: 1197, Time: 00:01:59

Health: 0/26       AC:  8    Str: 14    XL:     2   Next: 51%
Magic:  3/3        EV:  1    Int: 11    God:    Lugonu [*.....]
Gold:   65         SH:  0    Dex:  8    Spells: 1/1 levels left

rFire    . . .     SeeInvis .   a - +1 hand axe
rCold    . . .     Gourm    .   (no shield)
rNeg     . . .     Faith    .   f - +0 plate armour
rPois    .         Spirit   .   (no helmet)
rElec    .         Reflect  .   (no cloak)
rCorr    .         Harm     .   (no gloves)
MR       .....                  (no barding)
Stlth    ..........             (no amulet)
HPRegen  0.08/turn              (no ring)
MPRegen  0.08/turn              (no ring)

@: very quick
A: large, hooves 3, deformed body, speed 2, tough skin 3
a: Depart the Abyss, Renounce Religion


You were on level 2 of the Dungeon.
You worshipped Lugonu.
Lugonu was aware of your devotion.
You were not hungry.

You visited 1 branch of the dungeon, and saw 2 of its levels.
You visited the Abyss 1 time.

You collected 65 gold pieces.

Inventory:

Hand Weapons
 a - a +1 hand axe (weapon)
Armour
 f - a +0 plate armour (worn)
Jewellery
 b - an uncursed ring of wizardry {unknown}
Scrolls
 d - 4 scrolls of identify
Potions
 e - 2 potions of ambrosia
 g - a potion of curing {unknown}
 h - a potion of flight {unknown}
Comestibles
 c - 3 rations


   Skills:
 + Level 3.2 Fighting
 + Level 2.0 Axes
 * Level 1.6 Armour
 * Level 0.9 Dodging
 * Level 2.1 Invocations


You had one spell level left.
You didn't know any spells.
Your spell library was empty.

Dungeon Overview and Level Annotations

Branches:
Dungeon (2/15)

Altars:


Innate Abilities, Weirdness & Mutations

You have hooves in place of feet.
Armour fits poorly on your strangely shaped body.
You cover ground very quickly.
You have extremely tough skin. (AC +3)


Message History

A goblin comes into view.
The goblin hits you but does no damage. The rat bites you.
The centaur hits you. The goblin hits you but does no damage.
The rat bites you but does no damage.
The goblin moves out of view.
You hit the centaur. Your kick misses the centaur.
The centaur is moderately wounded.
Your plate armour prevents you from hitting the goblin.
You closely miss the rat. The centaur hits you.
The bat hits you but does no damage. The centaur hits you.
The goblin hits you with a +0 dagger. The rat bites you but does no damage.
Unknown command.
The bat hits you but does no damage. The goblin hits you but does no damage.
The bat hits you but does no damage.
There is a stone staircase leading up here.
The centaur hits you.
* * * LOW HITPOINT WARNING * * *
The bat hits you but does no damage. The goblin hits you with a +0 dagger.
* * * LOW HITPOINT WARNING * * *
The centaur hits you.
You die...

.......).##.#.
>.........<..
........... .
.....?..##..
........%..
#..........
#..w.....#
#.rcb....#
#.g@...#..
#......#
#.g###### #..
#... #....
#.... ...


You could see a centaur, a dart slug, 2 goblins, a bat and a rat.

Vanquished Creatures
  A dart slug (D:1)
  A giant cockroach (D:1)
  A goblin (D:1)
  4 hobgoblins (D:1)
  2 bats (D:1)
  5 frilled lizards (D:1)
  2 kobolds (D:1)
  A rat (D:1)
17 creatures vanquished.

Notes
Turn   | Place    | Note
-------+----------+-------------------------------------------
     0 | Abyss:1  | Gargoyl the Centaur Abyssal Knight began the quest for the
                  | Orb.
     0 | Abyss:1  | Reached XP level 1. HP: 19/19 MP: 2/2
    54 | Abyss:2  | Noticed a raiju
    54 | Abyss:2  | Noticed a raiju
    55 | D:1      | Escaped the Abyss
   561 | D:1      | Reached XP level 2. HP: 26/26 MP: 3/3
   767 | D:1      | Reached * piety under Lugonu
  1191 | D:2      | Noticed a centaur
  1197 | D:2      | Slain by a centaur

Skill      XL: |  1 |
---------------+----+-----
Axes           | 2 |  2.0
Fighting       | |  3.2
Armour         | |  1.6
Dodging        | |  0.9
Invocations    | |  2.1

Action                   || total
-------------------------++-------
Melee: Hand axe          ||    83
       Kick              ||    15
Invok: Depart the Abyss  ||     1
  Use: Scroll            ||     2
       Potion            ||     1
Armor: Plate armour      ||   102
Dodge: Dodged            ||     6
